 Dungeon Sprint DCSS version 0.21.1-1-g345015f (webtiles) character file.

4437 Fang the Severer (level 10, 0/157 HPs)
             Began as a Minotaur Berserker on Apr 27, 2018.
             Was the Champion of Trog.
             Hit by a tomahawk thrown by a merfolk (5 damage)
             ... in the Dungeon (Sprint V: "Ziggurat Sprint").
             The game lasted 00:03:52 (708 turns).

Fang the Severer (Minotaur Berserker)                Turns: 708, Time: 00:03:52

Health: 0/157      AC: 18    Str: 36    XL:     10   Next: 14%
Magic:  9/9        EV: 13    Int:  4    God:    Trog [******]
Gold:   0          SH:  8    Dex: 10    Spells: 9/9 levels left

rFire    + . .     SeeInvis .   z - +7 flail of Checks and Balances {crush, +Blink rPois rF+ rC-}
rCold    x . .     Gourm    .   (no shield)
rNeg     . . .     Faith    .   j - +5 shadow dragon scales
rPois    +         Spirit   .   (helmet restricted)
rElec    .         Reflect  +   (no cloak)
rCorr    .         Harm     .   (no gloves)
MR       .....     NoTele   +   (no boots)
Stlth    ..........             b - brooch of Shielding {Reflect SH+8}
HPRegen  0.36/turn              F - ring of flight
MPRegen  0.11/turn              E - +6 ring of strength

@: berserking (expiring), very quick
A: retaliatory headbutt, horns 2
a: Berserk, Trog's Hand, Brothers in Arms, Burn Spellbooks, Renounce Religion,
Evoke Blink, Evoke Flight


You were in the Dungeon.
You worshipped Trog.
Trog was exalted by your worship.
You were very hungry.

You visited 1 branch

Inventory:

Hand Weapons
 z - the +7 flail of Checks and Balances (weapon) {crush, +Blink rPois rF+ rC-}
   (You found it in the Dungeon)

   It inflicts extra damage upon your enemies.
   It protects you from fire.
   It makes you vulnerable to cold.
   It protects you from poison.
   It lets you blink.
 B - a +4 hand axe of chopping
Missiles
 o - 7 tomahawks of returning (quivered)
Armour
 j - +5 shadow dragon scales (worn)
Jewellery
 b - the brooch of Shielding (around neck) {Reflect SH+8}
   (You found it in the Dungeon)

   [amulet of reflection]

   It shields you and reflects attacks.
   It affects your SH (+8).
 E - a +6 ring of strength (right hand)
 F - a ring of flight (left hand)
Wands
 w - a wand of disintegration (7)
 x - a wand of iceblast (7)
 y - a wand of acid (7)
Scrolls
 i - 4 scrolls of blinking
 r - 7 scrolls of fog
 s - a scroll of holy word
 t - 5 scrolls of identify
 u - 5 scrolls of remove curse
 v - 2 scrolls of fear
 A - 4 scrolls of enchant armour
Potions
 d - 10 potions of curing
 e - 10 potions of heal wounds
 f - 6 potions of haste
 g - 7 potions of magic
 h - 3 potions of berserk rage
 l - 2 potions of brilliance
 m - 2 potions of invisibility
 n - 4 potions of resistance
 p - 5 potions of agility
 q - 5 potions of might
Miscellaneous
 a - a box of beasts
Comestibles
 c - 7 rations


   Skills:
 + Level 15.3 Fighting
 + Level 18.0(18.1) Axes
 + Level 3.3(12.6) Maces & Flails
 + Level 7.7 Armour
 + Level 8.4 Dodging
 + Level 3.4 Stealth


You had 9 spell levels left.
You didn't know any spells.

Dungeon Overview and Level Annotations

Branches:
Dungeon (1/1)

Altars:
Ashenzari
Cheibriados
Dithmenos
Elyvilon
Fedhas
Gozag
Hepliaklqana
Kikubaaqudgha
Makhleb
Nemelex Xobeh
Okawaru
Qazlal
Ru
Sif Muna
Trog
Uskayaw
Vehumet
Wu Jian
Xom
Yredelemnul
Zin
The Shining One
Beogh
Jiyva
Lugonu

Annotations:
D 1 transporter


Innate Abilities, Weirdness & Mutations

You reflexively headbutt those who attack you in melee.
You have a pair of horns on your head.


Message History

The merfolk barely misses you. You furiously retaliate!
You headbutt the merfolk!!
Things that are here:
a trident of piercing; 4 tomahawks; a merfolk corpse You miss the merfolk.
Your headbutt misses the merfolk.
The merfolk is moderately wounded.
You sock the merfolk! Your headbutt misses the merfolk.
The merfolk is severely wounded.
The merfolk hits you from afar with a trident!
* * * LOW HITPOINT WARNING * * *
The merfolk barely misses you. The merfolk closely misses you.
Unknown command.
You bludgeon the merfolk!!
You kill the merfolk!
Trog accepts your kill.
Your Axes skill increases to level 18!
Your base Maces & Flails skill increases to level 3!
Unknown command.
The merfolk throws a tomahawk.
The tomahawk hits you.
You die...

▓........▓..††....▓
▓.▓....▓.▓...)....▓
▓...©....▓...©....▓
▓▓▓▓▓▓▓▓▓▓▓▓▓▓▓▓▓▓▓
▓...8©8...▓..8©8..▓
▓...(|....▓..))[..▓
▓...)?(...▓..[)...▓
▓...m.....▓.......▓
▓...m))@..▓.()))..▓
▓....)....▓..)....▓
▓....)....▓.......▓
▓.▓..(..▓.▓.▓...▓.▓
▓....©....▓...©...▓
▓▓▓▓▓▓▓▓▓▓▓▓▓▓▓▓▓▓▓
▓..8©8..▓ ▓..=.|..▓
▓..}....▓


You could see 2 merfolk.

Vanquished Creatures
  A cyclops (D)
  7 merfolk (D)
  A jumping spider (D)
  2 hippogriffs (D)
  A tarantella (D)
  A golden eye (D)
  A floating eye (D)
  A necrophage (D)
  2 phantoms (D)
  A centaur (D)
  3 scorpions (D)
  A wight (D)
  2 jellies (D)
  4 mummies (D)
  An adder skeleton (D)
  An adder zombie (D)
  A bat skeleton (D)
  A bat zombie (D)
  2 quokka skeletons (D)
  A quokka zombie (D)
35 creatures vanquished.

Notes
Turn   | Place    | Note
-------+----------+-------------------------------------------
     0 | D        | Found the +6 Majin-Bo {vamp, Archmagi MP+6 Int+6}
     0 | D        | Found the +7 great mace "Firestarter" {inner flame, rF++}
     0 | D        | Fang the Minotaur Berserker began the quest for the Orb.
     0 | D        | Reached XP level 1. HP: 19/19 MP: 0/0
     3 | D        | Found a blossoming altar of Fedhas.
     4 | D        | Found a viscous altar of Jiyva.
     4 | D        | Found a hazy altar of Hepliaklqana.
     4 | D        | Found a transporter.
     4 | D        | Found an opulent altar of Gozag.
     4 | D        | Found an ancient bone altar of Kikubaaqudgha.
     4 | D        | Found a corrupted altar of Lugonu.
     8 | D        | Found a burning altar of Makhleb.
     9 | D        | Found a sacrificial altar of Ru.
     9 | D        | Found a stormy altar of Qazlal.
     9 | D        | Found a deep blue altar of Sif Muna.
     9 | D        | Found an iron altar of Okawaru.
     9 | D        | Found a bloodstained altar of Trog.
     9 | D        | Found a sparkling altar of Nemelex Xobeh.
    78 | D        | Entered arena 2.
    78 | D        | Noticed a necrophage
    78 | D        | Found a transporter.
    81 | D        | Killed a necrophage
    81 | D        | Reached skill level 7 in Axes
    81 | D        | Reached XP level 2. HP: 34/34 MP: 1/1
    81 | D        | Reached XP level 3. HP: 39/39 MP: 2/2
    81 | D        | Reached XP level 4. HP: 47/47 MP: 3/3
   132 | D        | Entered arena 3.
   132 | D        | Noticed a phantom
   132 | D        | Noticed a phantom
   132 | D        | Found a transporter.
   137 | D        | Reached ** piety under Trog
   140 | D        | Killed a phantom
   140 | D        | Reached skill level 9 in Axes
   140 | D        | Reached XP level 5. HP: 56/56 MP: 4/4
   141 | D        | Killed a phantom
   141 | D        | Reached skill level 10 in Axes
   141 | D        | Reached skill level 5 in Armour
   145 | D        | Reached *** piety under Trog
   176 | D        | Entered arena 4.
   176 | D        | Found a transporter.
   177 | D        | Found the brooch of Shielding {Reflect SH+8}
   179 | D        | Reached XP level 6. HP: 66/66 MP: 5/5
   180 | D        | Reached **** piety under Trog
   180 | D        | Reached skill level 10 in Fighting
   181 | D        | Reached skill level 5 in Dodging
   190 | D        | Got the ring "Gasiotum" {rElec Int+2 Dex+3 SInv}
   196 | D        | Entered arena 5.
   196 | D        | Noticed a golden eye
   196 | D        | Noticed a floating eye
   196 | D        | Found a transporter.
   203 | D        | Reached skill level 11 in Axes
   203 | D        | Paralysed by a floating eye for 3 turns
   209 | D        | Killed a floating eye
   209 | D        | Reached ***** piety under Trog
   209 | D        | Reached skill level 12 in Axes
   217 | D        | Killed a golden eye
   217 | D        | Reached XP level 7. HP: 74/74 MP: 6/6
   257 | D        | Entered arena 6.
   257 | D        | Noticed a jumping spider
   257 | D        | Noticed a tarantella
   257 | D        | Found a transporter.
   259 | D        | Killed a tarantella
   259 | D        | Reached skill level 13 in Axes
   261 | D        | Received a gift from Trog
   266 | D        | Killed a jumping spider
   266 | D        | Reached skill level 14 in Axes
   266 | D        | Reached XP level 8. HP: 76/85 MP: 7/7
   286 | D        | Reached XP level 9. HP: 88/93 MP: 8/8
   306 | D        | Entered arena 7.
   306 | D        | Noticed a merfolk
   306 | D        | Noticed a cyclops
   306 | D        | Noticed a merfolk
   306 | D        | Noticed a merfolk
   308 | D        | Found a transporter.
   311 | D        | Reached skill level 15 in Axes
   318 | D        | Killed a cyclops
   318 | D        | Received a gift from Trog
   318 | D        | Reached skill level 16 in Axes
   319 | D        | Killed a merfolk
   322 | D        | Killed a merfolk
   322 | D        | Reached skill level 17 in Axes
   326 | D        | Killed a merfolk
   640 | D        | Got the +7 flail of Checks and Balances {crush, +Blink rPois rF+ rC-}
   651 | D        | Entered arena 8.
   652 | D        | Found a transporter.
   657 | D        | Reached ****** piety under Trog
   659 | D        | Received a gift from Trog
   684 | D        | Entered arena 9.
   684 | D        | Noticed a merfolk
   684 | D        | Noticed a merfolk
   684 | D        | Noticed a merfolk
   684 | D        | Noticed a merfolk
   684 | D        | Noticed a merfolk
   684 | D        | Noticed a merfolk
   685 | D        | Found a transporter.
   693 | D        | Killed a merfolk
   693 | D        | Received a gift from Trog
   693 | D        | Reached skill level 1 in Maces & Flails
   699 | D        | Killed a merfolk
   699 | D        | Reached skill level 15 in Fighting
   699 | D        | Reached XP level 10. HP: 56/105 MP: 9/9
   706 | D        | HP: 4/157 [merfolk/trident (14)]
   707 | D        | Reached skill level 18 in Axes
   708 | D        | Hit by a tomahawk thrown by a merfolk

Skill      XL: |  1  2  3  4  5  6  7  8  9 10 |
---------------+-------------------------------+-----
Fighting       | 7 8 9 11 12 13 15 | 15.3
Axes           | 7 9 10 12 14 17 18 | 18.0
Armour         | 4 5 6 7 |  7.7
Dodging        | 3 4 5 6 7 8 |  8.4
Stealth        | 3 |  3.4
Maces & Flails | 1 3 |  3.3

Action                   |  1- 3 |  4- 6 |  7- 9 | 10-12 || total
-------------------------+-------+-------+-------+-------++-------
Melee: Executioner's axe |     1 |    15 |    20 |       ||    36
       Headbutt          |       |     4 |     4 |     1 ||     9
       Flail             |       |       |    15 |     6 ||    21
Invok: Berserk           |     1 |     2 |     2 |       ||     5
       Burn Spellbooks   |       |     1 |     2 |       ||     3
  Use: Potion            |       |       |     1 |       ||     1
 Stab: Sleeping          |       |       |     1 |       ||     1
  Eat: Chunk             |       |       |     3 |       ||     3
Armor: Shadow dragon sca |     1 |    12 |    34 |     3 ||    50
Dodge: Dodged            |     1 |     5 |    32 |     5 ||    43
Block: Other             |       |       |    33 |     2 ||    35
       Reflection        |       |       |     3 |       ||     3
